 Dungeon Crawl Stone Soup version 0.20.1-1-g8b1a95d (webtiles) character file.

723 tidbits the Digger (level 7, 20/53 HPs)
             Began as a Demigod Wanderer on Aug 22, 2017.
             Quit the game on level 2 of the Dungeon.
             The game lasted 00:32:46 (2313 turns).

tidbits the Digger (Demigod Wanderer)               Turns: 2313, Time: 00:32:46

Health: 20/53      AC:  3    Str: 14    XL:     7   Next: 19%
Magic:  13/13      EV: 10    Int: 19    God:
Gold:   132        SH:  0    Dex: 17    Spells: 6/10 levels left

rFire    . . .     SeeInvis .   o - +0 long sword
rCold    . . .     Gourm    .   (no shield)
rNeg     . . .     Faith    .   q - +0 leather armour
rPois    .         Spirit   .   (no helmet)
rElec    .         Reflect  .   (no cloak)
rCorr    .         Harm     .   (no gloves)
MR       .....                  (no boots)
Stlth    ++........             (no amulet)
Regen    0.2/turn               (no ring)
MPRegen  0.2/turn               (no ring)

@: no status effects
A: high mp 1
a: no special abilities


You were on level 2 of the Dungeon.
You were not hungry.

You visited 1 branch of the dungeon, and saw 4 of its levels.
You also visited: Sewer.

You collected 132 gold pieces.

Inventory:

Hand Weapons
 c - a +0 whip
 d - a +0 dagger
 g - a +0 hunting sling
 k - a +0 mace
 m - a +0 spear
 o - a +0 long sword (weapon)
 y - a +3 flail
Missiles
 j - 8 poisoned needles
 z - a throwing net (quivered) {!f}
Armour
 b - a +0 ring mail
 q - a +0 leather armour (worn)
Wands
 i - a wand of digging (14/24)
Scrolls
 e - 3 scrolls of fog
 l - 2 scrolls of enchant armour
 p - a scroll of magic mapping
 r - 2 scrolls of remove curse
 t - 8 scrolls of teleportation
 v - a scroll of blinking {unknown}
 x - 2 scrolls of recharging
Potions
 n - 2 potions of haste
 u - a potion of heal wounds
Books
 a - a book of Geomancy

   Spells                             Type                      Level
   a - Sandblast                      Earth                        1
   b - Passwall                       Transmutation/Earth          2
   c - Stone Arrow                    Conjuration/Earth            3
   d - Petrify                        Transmutation/Earth          4
   e - Lee's Rapid Deconstruction     Earth                        5
Comestibles
 f - 6 bread rations
 h - a meat ration
 s - a fruit
 A - 3 chunks of flesh


   Skills:
 - Level 1.7 Fighting
   Level 1.7 Axes
 - Level 1.0 Armour
 - Level 1.0 Stealth
 + Level 2.2 Spellcasting
 + Level 4.6 Conjurations
 + Level 5.5 Earth Magic
 - Level 1.0 Evocations


You had 6 spell levels left.
You knew the following spells:

 Your Spells              Type           Power        Failure   Level  Hunger
s - Stone Arrow           Conj/Erth      ###...       8%          3    ###....
z - Sandblast             Erth           ###...       1%          1    #......


Dungeon Overview and Level Annotations

Branches:
Dungeon (4/15)
 Temple: D:4-7


Innate Abilities, Weirdness & Mutations

You have an increased reservoir of magic. (+10% MP)


Message History

Press: ? - help, Shift-Dir - straight line, f/p - worker ant
Aim: a worker ant (severely wounded)
The stone arrow hits the worker ant.
You kill the worker ant!
Found a robe.
An adder comes into view.
Casting: Stone Arrow
Confirm with . or Enter, or press ? or * to list all spells.
Aiming: Stone Arrow
Press: ? - help, Shift-Dir - straight line, f - adder
Aim: an adder (hasn't noticed you)
The stone arrow hits the adder.
The adder is almost dead.
The adder hisses angrily.
You closely miss the adder.
The adder is almost dead.
The adder bites you.
* * * LOW HITPOINT WARNING * * *
The adder bites you.
* * * LOW HITPOINT WARNING * * *
You closely miss the adder.
The adder is almost dead.
The adder bites you but does no damage.
You hit the adder.
You kill the adder!
A hound comes into view.
The hound barks!
Casting: Stone Arrow
Confirm with . or Enter, or press ? or * to list all spells.
Aiming: Stone Arrow
Press: ? - help, Shift-Dir - straight line, f - hound
Aim: a hound The stone arrow hits the hound.
The hound is almost dead.
You completely miss the hound.
The hound is almost dead.
The hound closely misses you. The hound bites you.
* * * LOW HITPOINT WARNING * * *
You hit the hound but do no damage.
The hound is almost dead.
The hound bites you.
* * * LOW HITPOINT WARNING * * *
The hound bites you.
* * * LOW HITPOINT WARNING * * *
Casting: Stone Arrow
Confirm with . or Enter, or press ? or * to list all spells.
Aiming: Stone Arrow
Press: ? - help, Shift-Dir - straight line, f/p - hound
Aim: a hound (almost dead)
The stone arrow hits the hound.
You kill the hound!
You see here a hound corpse.
You butcher the hound corpse.
A - 4 chunks of flesh (gained 3)
You see here a hound skeleton.
An ogre comes into view. It is wielding a giant club.
The ogre shouts!
You see here an adder corpse.
There is a stone staircase leading up here.
You climb upwards.
There is a stone staircase leading down here.
You are feeling hungry.
A goblin comes into view.
There is a stone staircase leading up here.
You climb upwards.
There is a stone staircase leading down here.
Found 11 gold pieces.
You now have 132 gold pieces (gained 11).
You open the door.
A bat comes into view.
There is an open door here.
Found a dagger.
A bat comes into view.
Found a ring mail.
The helpless bat fails to defend itself.
You slash the bat!
You kill the bat!
The bat closely misses you.
You riposte.
You hit the bat.
The bat is severely wounded.
The bat moves out of view.
You see here a bat corpse.
The bat barely misses you.
You hit the bat but do no damage.
The bat is severely wounded.
The bat barely misses you. The bat hits you but does no damage.
The bat closely misses you.
You riposte.
You closely miss the bat.
The bat is severely wounded.
You miss the bat.
The bat is severely wounded.
The bat closely misses you.
You riposte.
You barely miss the bat.
The bat is severely wounded.
The bat hits you but does no damage. The bat closely misses you.
You riposte.
You slash the bat!
You kill the bat!
Eat one of 4 chunks of flesh? (ye/n/q)
You eat one of the 4 chunks of flesh.
This raw flesh tastes terrible.
As you open the door, it creaks loudly!
There is an open door here.
Magic restored.
Are you sure you want to abandon this character and quit the game? (Confirm with "yes".)

#.....# #.#.........# #.#####
#.#.#.......###### #†#
#.#.#.......'..... #####.#
#.#.#.......###### #.....#
#.#.#......## ##.. #######
#.#.######.# #..#
################.#.# #.#.# #...
.................#.####.#.####.##
################@................
#.#.######.####†## #.#.#
#........... ######...#
#.........## #......###
#..#........
#'####........#...[.###
♣♣♣.♣♣♣########.#........ ♣..♣..♣
#.##.#####. ###♣.♣)♣.♣# #......#
#.


There were no monsters in sight!

Vanquished Creatures
  Grinder (D:3)
  2 bullfrogs (Sewer)
  A howler monkey (D:4)
  A hound (D:4)
  2 orc priests (D:3)
  A worker ant (D:4)
  12 adders
  4 river rats (Sewer)
  3 oozes
  2 dart slugs (D:3)
  3 leopard geckos
  3 orcs (D:3)
  9 ball pythons
  2 giant cockroaches
  5 goblins
  8 hobgoblins
  6 bats
  4 frilled lizards
  3 kobolds
  26 rats
98 creatures vanquished.

Notes
Turn   | Place    | Note
-------+----------+-------------------------------------------
     0 | D:1      | tidbits the Demigod Wanderer began the quest for the Orb.
     0 | D:1      | tidbits set off with: a book of Geomancy, a +0 ring mail, a scroll of teleportation, a +0 dagger, a bread ration
     0 | D:1      | Reached XP level 1. HP: 17/17 MP: 5/5
     2 | D:1      | Learned a level 1 spell: Sandblast
   178 | D:1      | Reached skill level 2 in Earth Magic
   193 | D:1      | Reached XP level 2. HP: 10/24 MP: 0/7
   683 | D:3      | Noticed Grinder
   703 | D:3      | Paralysed by Grinder for 6 turns
   716 | D:3      | HP: 2/24 [Grinder (4)]
   751 | D:2      | Reached XP level 3. HP: 29/29 MP: 8/8
   756 | D:2      | Learned a level 3 spell: Stone Arrow
   790 | D:2      | Reached skill level 3 in Earth Magic
   894 | D:3      | Found a glowing drain.
   937 | Sewer    | Entered a sewer
   974 | Sewer    | Reached skill level 1 in Conjurations
  1112 | Sewer    | Reached XP level 4. HP: 33/36 MP: 2/9
  1307 | Sewer    | Reached skill level 2 in Conjurations
  1465 | Sewer    | Noticed a bullfrog
  1468 | Sewer    | Noticed a bullfrog
  1470 | Sewer    | HP: 2/36 [bullfrog (4)]
  1682 | Sewer    | Reached XP level 5. HP: 37/41 MP: 10/10
  1695 | Sewer    | Reached skill level 3 in Conjurations
  1695 | Sewer    | Reached skill level 4 in Earth Magic
  1819 | D:3      | Reached XP level 6. HP: 24/48 MP: 11/11
  2019 | D:3      | Killed Grinder
  2019 | D:3      | Reached skill level 4 in Conjurations
  2019 | D:3      | Reached skill level 5 in Earth Magic
  2089 | D:4      | Reached skill level 2 in Spellcasting
  2089 | D:4      | Reached XP level 7. HP: 11/53 MP: 2/13
  2096 | D:4      | HP: 5/53 [poisoned by an adder]
  2102 | D:4      | HP: 3/53 [poisoned by an adder]
  2108 | D:4      | HP: 3/53 [poisoned by an adder]
  2116 | D:4      | HP: 2/53 [poisoned by an adder]
  2119 | D:4      | Found a blossoming altar of Fedhas.
  2140 | D:4      | Found a sacrificial altar of Ru.
  2205 | D:4      | HP: 4/53 [hound (5)]
  2313 | D:2      | Quit the game

Skill      XL: |  1  2  3  4  5  6 |
---------------+-------------------+-----
Earth Magic    | 2 3 4 5 |  5.5
Conjurations   | 1 2 3 4 |  4.6
Spellcasting   | 2 |  2.2
Fighting       | |  1.7
Axes           | |  1.7
Armour         | |  1.0
Stealth        | |  1.0
Evocations     | |  1.0

Action                   |  1- 3 |  4- 6 |  7- 9 || total
-------------------------+-------+-------+-------++-------
Melee: Dagger            |    61 |    55 |       ||   116
       Spear             |    56 |    60 |       ||   116
       Long sword        |       |       |    15 ||    15
Throw: Throwing net      |     2 |       |       ||     2
       Stone             |       |     5 |       ||     5
 Cast: Sandblast         |    38 |    35 |       ||    73
       Stone Arrow       |     1 |     2 |     5 ||     8
  Use: Scroll            |     7 |     4 |       ||    11
       Potion            |     2 |     6 |     1 ||     9
 Stab: Sleeping          |     1 |     2 |     1 ||     4
  Eat: Meat ration       |     1 |       |       ||     1
       Fruit             |       |     3 |       ||     3
       Chunk             |       |     1 |     1 ||     2
Armor: Ring mail         |    30 |       |       ||    30
       Leather armour    |     9 |    42 |     5 ||    56
Dodge: Dodged            |    59 |    80 |    15 ||   154
       Rpst.: Long sword |       |       |     8 ||     8

Table legend:
 A = Turns spent in this place as a percentage of turns spent in the entire game.
 B = Non-inter-level travel turns spent in this place as a percentage of non-inter-level travel turns spent in the entire game.
 C = Inter-level travel turns spent in this place as a percentage of turns spent in this place.
 D = Turns resting spent in this place as a percentage of non-inter-level travel turns spent in this place.
 E = Turns spent auto-exploring this place as a percentage of non-inter-level travel turns spent in this place.
 F = Non-inter-level travel turns spent in this place divided by the number of levels of this place that you've seen.
                   A       B       C       D       E      F
               +-------+-------+-------+-------+-------+----------------------
         Total | 100.0 | 100.0 |   0.0 |   0.0 |   0.0 | 464.6
       Dungeon |  63.7 |  63.7 |   0.0 |   0.0 |   0.0 | 369.8
         Sewer |  36.3 |  36.3 |   0.0 |   0.0 |   0.0 | 844.0
               +-------+-------+-------+-------+-------+----------------------

Table legend:
 A = Kills in this place as a percentage of kills in entire the game.
 B = Kills by you in this place as a percentage of kills by you in the entire game.
 C = Kills by friends in this place as a percentage of kills by friends in the entire game.
 D = Other kills in this place as a percentage of other kills in the entire game.
 E = Experience gained in this place as a percentage of experience gained in the entire game.
 F = Experience gained in this place divided by the number of levels of this place that you have seen.
                   A       B       C       D       E      F
               +-------+-------+-------+-------+-------+----------------------
         Total | 100.0 | 100.0 |  -nan |  -nan | 100.0 | 206.6
       Dungeon |  53.1 |  53.1 |  -nan |  -nan |  65.6 | 169.5
         Sewer |  46.9 |  46.9 |  -nan |  -nan |  34.4 | 355.0
               +-------+-------+-------+-------+-------+----------------------

Vault maps used:
D:1:      ncdulo_halloftheorcs, minmay_surrounded
D:2:      st_stairs_8, minivault_4, kennysheep_generic_room_10, uniq_jessica
D:3:      portal_sewer_entry_d, first_bread, uniq_grinder
D:4:      nicolae_ru_path_of_blood, nicolae_overflow_crystal_walls,
          serial_shops, shop
Sewer:    sewer_minmay_w
